 Dungeon Crawl Stone Soup version 0.24-a0-434-gd57e52fea8 (webtiles) character file.

Game seed: 9606111597631873547

381 theanonym the Grave Robber (level 6, -2/41 HPs)
             Began as a Mummy Necromancer on June 15, 2019.
             Slain by a phantom (7 damage)
             ... on level 3 of the Dungeon.
             The game lasted 00:10:14 (5780 turns).

theanonym the Grave Robber (Mummy Necromancer)      Turns: 5780, Time: 00:10:14

Health: -2/41      AC:  3    Str: 11    XL:     6   Next: 46%
Magic:  7/13       EV: 12    Int: 17    God:
Gold:   85         SH:  0    Dex: 12    Spells: 6/15 levels left

rFire    x . .     SeeInvis .   a - +3 dagger (flame)
rCold    + . .     Gourm    .   (no shield)
rNeg     + + +     Faith    .   f - +0 robe
rPois    ∞         Spirit   .   (no helmet)
rElec    .         Reflect  .   e - +0 cloak
rCorr    .         Harm     .   (no gloves)
MR       .....                  (no boots)
Stlth    ++........             (no amulet)
HPRegen  0.13/turn              (no ring)
MPRegen  0.13/turn              (no ring)

@: no status effects
A: no food or potions, fire vulnerability, cold resistance 1, negative energy
resistance 3, torment resistance, unbreathing
a: no special abilities


Innate Abilities, Weirdness & Mutations

You do not eat or drink.
Your flesh is vulnerable to fire.
You are immune to poison.
Your flesh is cold resistant. (rC+)
You are immune to negative energy. (rN+++)
You are immune to unholy pain and torment.
You can survive without breathing.


   Skills:
 + Level 2.7 Short Blades
 + Level 1.8 Armour
 + Level 2.1 Dodging
 - Level 1.5 Stealth
 - Level 5.0 Spellcasting
 - Level 5.0 Necromancy


You had 6 spell levels left.
You knew the following spells:

 Your Spells              Type           Power        Failure   Level  Hunger
a - Pain                  Necr           ###.         1%          1    N/A
b - Animate Dead          Necr           N/A          19%         4    N/A
c - Vampiric Draining     Necr           ###.......   5%          3    N/A
e - Animate Skeleton      Necr           N/A          1%          1    N/A

Your spell library contained the following spells:

 Spells                   Type           Power        Failure   Level  Hunger
 Regeneration             Chrm/Necr      Unusable     N/A         3    N/A

Skill      XL: |  1  2  3  4  5  6 |
---------------+-------------------+-----
Spellcasting   | 3 4 5 |  5.0
Short Blades   | 1 2 |  2.7
Necromancy     | 5 |  5.0
Armour         | 1 |  1.8
Dodging        | 2 |  2.1
Stealth        | |  1.5

Action                   |  1- 3 |  4- 6 || total
-------------------------+-------+-------++-------
Melee: Short sword       |     5 |       ||     5
       Dagger            |     5 |    73 ||    78
       Unarmed           |     1 |       ||     1
 Cast: Pain              |    78 |   138 ||   216
       Animate Skeleton  |    20 |     4 ||    24
       Animate Dead      |       |    10 ||    10
       Vampiric Draining |       |     5 ||     5
  Use: Scroll            |       |     9 ||     9
 Stab: Sleeping          |       |     1 ||     1
Armor: Robe              |    10 |    13 ||    23
Dodge: Dodged            |    37 |    85 ||   122

Inventory:

Hand Weapons
 a - a +3 dagger of flaming (weapon)
Armour
 e - a +0 cloak (worn)
 f - a +0 robe (worn)
Scrolls
 t - 2 scrolls of teleportation


You were on level 3 of the Dungeon.
You were not hungry.

You visited 1 branch of the dungeon, and saw 4 of its levels.

You collected 85 gold pieces.

Dungeon Overview and Level Annotations

Branches:
Dungeon (4/15)
 Temple: D:4-7

Altars:
Elyvilon

Annotations:
D:3 Grinder

# #....# #.#...#.#
############## #.###.#.#
#........<# #.#####.#
#.........# #.#.)>..#
#.........########.#.#####
#.........'.!......#.#
#.........##########.#
####'######......# #.# #
#.# #.####@# #.# #
#.######.####W###.# #
#........#........#
##########..#........#
.....%......#.......##
########.#..#.......#
,.....%.....#########
,.########.## *,* #.....#


You could see a phantom.

Notes
Turn   | Place    | Note
-------+----------+-------------------------------------------
     0 | D:1      | theanonym the Mummy Necromancer began the quest for the
                  | Orb.
     0 | D:1      | Reached XP level 1. HP: 13/13 MP: 4/4
    65 | D:1      | Learned a level 1 spell: Animate Skeleton
   181 | D:1      | Reached skill level 3 in Spellcasting
   198 | D:1      | Reached XP level 2. HP: 17/19 MP: 0/6
  1120 | D:1      | Reached XP level 3. HP: 21/24 MP: 5/8
  1298 | D:1      | Learned a level 3 spell: Vampiric Draining
  1609 | D:2      | Reached skill level 1 in Short Blades
  1709 | D:2      | Reached skill level 4 in Spellcasting
  1709 | D:2      | Reached XP level 4. HP: 26/30 MP: 5/10
  1753 | D:2      | Learned a level 4 spell: Animate Dead
  2447 | D:2      | Reached skill level 5 in Necromancy
  2630 | D:2      | Reached XP level 5. HP: 34/35 MP: 5/11
  2723 | D:2      | HP: 15/35 [worker ant zombie (5)]
  3287 | D:3      | Found a white marble altar of Elyvilon.
  3290 | D:3      | Noticed Grinder
  3290 | D:3      | Paralysed by Grinder for 5 turns
  3490 | D:3      | Reached skill level 2 in Short Blades
  3746 | D:3      | Paralysed by Grinder for 7 turns
  3749 | D:3      | HP: 12/35 [Grinder (8)]
  3752 | D:3      | HP: 2/35 [Grinder (7)]
  4427 | D:3      | HP: 16/35 [worker ant (6)]
  4428 | D:3      | Reached skill level 1 in Armour
  4428 | D:3      | Reached skill level 5 in Spellcasting
  4618 | D:3      | Reached XP level 6. HP: 29/41 MP: 4/13
  4618 | D:3      | HP: 20/41 [orc/+0 flail (9)]
  4866 | D:4      | HP: 19/41 [centaur/arrow (6)]
  5359 | D:3      | Found a white marble altar of Elyvilon.
  5378 | D:3      | Paralysed by Grinder for 7 turns
  5386 | D:3      | HP: 20/41 [Grinder (4)]
  5404 | D:3      | Paralysed by Grinder for 6 turns
  5409 | D:3      | HP: 17/41 [Grinder (6)]
  5639 | D:4      | Reached skill level 2 in Dodging
  5754 | D:3      | HP: 18/41 [phantom (7)]
  5764 | D:4      | HP: 3/41 [orc priest/divine providence (16)]
  5780 | D:3      | Slain by a phantom

Vanquished Creatures
  A hound (D:3)
  An orc wizard (D:3)
  An iguana (D:3)
  3 worker ants
  A worker ant zombie (D:2)
  A gnoll (D:2)
  5 adders
  2 oozes
  3 worms (D:2)
  7 dart slugs
  A leopard gecko (D:1)
  11 orcs
  2 giant cockroaches (D:1)
  11 goblins
  5 hobgoblins
  3 quokkas
  2 ball pythons (D:2)
  5 bats
  6 frilled lizards
  15 kobolds
  A leopard gecko skeleton (D:4)
  A quokka skeleton (D:4)
  7 rats
95 creatures vanquished.

Vanquished Creatures (collateral kills)
  A worker ant (D:4)
  2 gnolls (D:2)
  An orc (D:3)
  A ball python (D:1)
5 creatures vanquished.

Grand Total: 100 creatures vanquished

Table legend:
 A = Turns spent in this place as a percentage of turns spent in the entire game.
 B = Non-inter-level travel turns spent in this place as a percentage of non-inter-level travel turns spent in the entire game.
 C = Inter-level travel turns spent in this place as a percentage of turns spent in this place.
 D = Turns resting spent in this place as a percentage of non-inter-level travel turns spent in this place.
 E = Turns spent auto-exploring this place as a percentage of non-inter-level travel turns spent in this place.
 F = Non-inter-level travel turns spent in this place divided by the number of levels of this place that you've seen.
                   A       B       C       D       E      F
               +-------+-------+-------+-------+-------+----------------------
         Total | 100.0 | 100.0 |   4.7 |  51.3 |  33.6 | 1377.2
       Dungeon | 100.0 | 100.0 |   4.7 |  51.3 |  33.6 | 1377.2
               +-------+-------+-------+-------+-------+----------------------
